 Dungeon Crawl Stone Soup version 0.30-b1-2-g02819fbbbe (webtiles) character file.

Game seed: 11203646555972174246

21 Mesmaeker13 the Shooter (level 2, -8/24 HPs)
             Began as a Barachi Hunter on Aug 22, 2023.
             Mangled by Sigmund
             ... wielding a +6 scythe of venom
              (13 damage)
             ... on level 2 of the Dungeon.
             The game lasted 00:00:58 (647 turns).

Mesmaeker13 the Shooter (Barachi Hunter)             Turns: 647, Time: 00:00:59

Health: -8/24      AC:  3    Str: 12    XL:     2   Next: 83%
Magic:  2/2        EV: 12    Int:  9    God:
Gold:   62         SH:  0    Dex: 15    Spells: 1/1 levels left

rFire   . . .        a - +0 shortbow
rCold   . . .        (shield currently unavailable)
rNeg    . . .        c - +0 leather armour
rPois   .            (no helmet)
rElec   .            (no cloak)
rCorr   .            (no gloves)
SInv    .            (no boots)
Will    .....        (no amulet)
Stlth   +            (no ring)
HPRegen 0.24/turn    (no ring)
MPRegen 0.08/turn

%: no passive effects
@: confused, slow
A: amphibious, slowness 1, strong legs 1, +LOS
a: Hop


You were on level 2 of the Dungeon.
You visited 1 branch of the dungeon, and saw 2 of its levels.

You collected 62 gold pieces.

Inventory:

Hand Weapons
 a - a +0 shortbow (weapon)
 d - a +2 flail of protection
 l - a +2 whip of venom
Armour
 c - a +0 leather armour (worn)
Jewellery
 f - an amulet of faith
Scrolls
 b - 2 scrolls of immolation
 e - a scroll of enchant armour {unknown}
 g - a scroll of brand weapon {unknown}
 m - a scroll of fear {unknown}
 n - a scroll of enchant weapon {unknown}
Potions
 h - a potion of curing {unknown}
 i - a potion of ambrosia {unknown}
 j - a potion of might {unknown}
 k - a potion of flight {unknown}


   Skills:
 + Level 3.0 Fighting
 + Level 4.2 Ranged Weapons
 + Level 2.7 Dodging
 - Level 0.8 Stealth


You had one spell level left.
You didn't know any spells.
Your spell library contained the following spells:

 Spells                   Type           Power      Damage    Failure   Level
 Apportation              Tloc           0%         N/A       45%         1
 Freeze                   Ice            0%         1d3       45%         1
 Necrotise                Necr           0%         1d4       45%         1
 Summon Small Mammal      Summ           0%         N/A       45%         1
 Frozen Ramparts          Ice            0%         1d1       83%         3
 Hailstorm                Conj/Ice       0%         3d3       83%         3
 Summon Guardian Golem    Hex/Summ       0%         N/A       83%         3
 Ice Form                 Ice/Tmut       0%         N/A       99%         4
 Simulacrum               Ice/Necr       0%         N/A       100%        6
 Orb of Destruction       Conj           0%         9d5       100%        7
 Spellforged Servitor     Conj/Summ      0%         N/A       100%        7


Dungeon Overview and Level Annotations

Branches:
Dungeon (2/15)

Altars:

Shops:
D:1 [

Annotations:
D:2 Sigmund


Innate Abilities, Weirdness & Mutations

You are amphibious.
You cover ground slowly.
You can hop short distances.
You have an extended range of vision and can be seen from far away.


Message History

Found 8 stones.
You see here 8 stones.
n - a scroll labelled ICENKA KIELOQ No target in view!
No target in view!
A kobold comes into view. It is wielding a +0 club.
A kobold is nearby!
You shoot an arrow. The arrow hits the kobold.
The kobold shouts!
The kobold is moderately wounded.
You shoot an arrow. The arrow hits the kobold!
You kill the kobold!
Sigmund the Dreaded comes into view.
He is wielding a +6 scythe of venom.
Sigmund moves out of view.
No target in view!
Key pressed, stopping explore.
No target in view!
You now have 62 gold pieces (gained 8).
You shoot an arrow. The arrow closely misses Sigmund.
Sigmund shouts!
You shoot an arrow. The arrow hits Sigmund.
Sigmund is lightly wounded.
Sigmund casts a spell at you. The magic dart hits you!
You shoot an arrow. The arrow barely misses Sigmund.
Sigmund screams, "Die, monster!"
Sigmund casts a spell at you. The puff of flame hits you!
Okay, then.
Okay, then.
Sigmund gestures at you while chanting.
You are confused.
You're too confused to move!
Sigmund points at you and mumbles some strange words.
The puff of flame hits you!
* * * LOW HITPOINT WARNING * * *
You bump into the rock wall.
Sigmund hits you with a +6 scythe of venom!
Ouch! That really hurt!
You die...

#############################
......>....##....@..........#
.#########.##.##@...#.#####.#
.# #.##.#.##.###........ .#
#.##.#.#...#...###.#. .#
#.##.#.#.#..##... .#
#######.##.##..)#.# #### .#
#..........###.##.# .#
#.#####.#(.....# .# .# #.#
#.##.##### # .# #.# #.##.#


You could see Sigmund.

Vanquished Creatures
  An adder (D:1)
  2 ball pythons
  A bat (D:2)
  A giant cockroach (D:1)
  A goblin (D:1)
  A hobgoblin (D:1)
  3 kobolds
  A quokka (D:1)
11 creatures vanquished.

Notes
Turn   | Place    | Note
-------+----------+-------------------------------------------
     0 | D:1      | Mesmaeker13 the Barachi Hunter began the quest for the Orb.
     0 | D:1      | Reached XP level 1. HP: 17/17 MP: 1/1
    80 | D:1      | Found Saechiwn's Antique Armour Emporium.
   305 | D:1      | Reached XP level 2. HP: 23/23 MP: 2/2
   623 | D:2      | Noticed Sigmund
   647 | D:2      | Mangled by Sigmund

Illustrated notes

Levels and vault maps discovered:
D:1:      mushboom_english_gardens, layout_rooms, serial_shops, shop_statue,
          minmay_splitting_lines, ebering_dispersal_statue_hall
D:2:      layout_loops_ring, uniq_sigmund

Skill      XL: |  1  2 |
---------------+-------+-----
Fighting       | 3 |  3.0
Ranged Weapons | |  4.2
Dodging        | |  2.7
Stealth        | |  0.8

Action                     || total
---------------------------++-------
  Melee: Flail             ||     7
   Fire: Shortbow          ||    26
 Armour: Leather armour    ||    10
  Dodge: Dodged            ||    14
